 Dungeon Crawl Stone Soup version 0.31.0-11-ge490571c62 (webtiles) character file.

Game seed: 5998424065494800474

365 solopath the Trooper (level 6, -2/68 HPs)
             Began as an Oni Berserker on Jan 31, 2024.
             Was a Priest of Trog.
             Slain by an orc
             ... wielding a +0 hand axe
              (6 damage)
             ... on level 4 of the Dungeon.
             The game lasted 00:02:54 (3660 turns).

solopath the Trooper (Oni Berserker)                Turns: 3660, Time: 00:02:54

Health: -2/68      AC:  3    Str: 24    XL:     6   Next: 68%
Magic:  6/6        EV: 10    Int:  8    God:    Trog [***...]
Gold:   177        SH:  0    Dex:  8    Spells: 5/5 levels left

rFire   + . .        a - +0 mace
rCold   + . .        (no shield)
rNeg    . . .        b - +0 animal skin
rPois   .            (helmet restricted)
rElec   .            (no cloak)
rCorr   .            (gloves unavailable)
SInv    .            (boots unavailable)
Will    .....        (no amulet)
Stlth   +            (no ring)
HPRegen 0.31/turn    (no ring)
MPRegen 0.10/turn

%: no passive effects
@: no status effects
A: large, unfitting armour, horns 1, tough skin 1, double potion healing,
drunken brawling, cold resistance 1, fire resistance 1
a: Renounce Religion, Berserk, Trog's Hand


You were on level 4 of the Dungeon.
You worshipped Trog.
Trog was most pleased with you.
You visited 1 branch of the dungeon, and saw 4 of its levels.

You collected 177 gold pieces.

Inventory:

Hand Weapons
 a - a +0 mace (weapon)
Armour
 b - a +0 animal skin (worn)
Jewellery
 o - a ring of magical power
Wands
 f - a wand of quicksilver (12)
Scrolls
 c - a scroll of teleportation {unknown}
 d - 3 scrolls of identify {unknown}
 g - a scroll of amnesia {unknown}
 h - a scroll of torment {unknown}
 k - a scroll of fog {unknown}
 l - a scroll of blinking {unknown}
 n - a scroll of poison {unknown}
Potions
 j - a potion of heal wounds {unknown}
 m - a potion of enlightenment {unknown}


   Skills:
 + Level 6.4 Fighting
 * Level 6.2 Maces & Flails
 - Level 2.6 Dodging


You had 5 spell levels left.
You didn't know any spells.
Your spell library was empty.

Dungeon Overview and Level Annotations

Branches:
Dungeon (4/15)
 Temple: D:4-7

Altars:
Zin

Annotations:
D:4 1 runed translucent door, yey's ghost, novice DrSh


Innate Abilities, Weirdness & Mutations

You are too large for most types of armour.
You have a pair of small horns on your head.
You have tough skin. (AC +1)
You gain doubled healing and magic from potions.
Whenever you drink a healing potion, you attack all around you.
Your flesh is cold resistant. (rC+)
Your flesh is heat resistant. (rF+)


Message History

Your skin stops crawling.
You feel less strong-willed. The orc completely misses you.
You barely miss the orc. Your headbutt misses the orc.
The orc hits you with a +0 hand axe. The orc hits you with a +0 dagger.
You are too injured to fight recklessly!
You are too injured to fight recklessly!
You are too injured to fight recklessly!
You are too injured to fight recklessly!
You are too injured to fight recklessly!
You are too injured to fight recklessly!
You are too injured to fight recklessly!
You are too injured to fight recklessly!
You are too injured to fight recklessly!
You barely miss the orc. The orc hits you with a +0 hand axe.
The orc completely misses you. The orc hits you with a +0 hand axe.
* * * LOW HITPOINT WARNING * * *
You closely miss the orc. The orc barely misses you.
The orc hits you with a +0 hand axe.
* * * LOW HITPOINT WARNING * * *
You hit the orc but do no damage. The orc hits you but does no damage.
The orc barely misses you.
You barely miss the orc. The orc hits you with a +0 dagger.
* * * LOW HITPOINT WARNING * * *
The orc hits you with a +0 hand axe.
* * * LOW HITPOINT WARNING * * *
The orc closely misses you. The orc attacks as it pursues you!
The orc closely misses you.
Items here: ) ÷ ††.
You hit the orc.
The orc is heavily wounded.
The orc hits you with a +0 hand axe.
* * * LOW HITPOINT WARNING * * *
You hit the orc but do no damage.
The orc is heavily wounded.
The orc hits you with a +0 hand axe.
* * * LOW HITPOINT WARNING * * *
You closely miss the orc. You headbutt the orc, but do no damage.
The orc is heavily wounded.
The orc hits you with a +0 hand axe.
You die...

#.o## ##.### ##....##
##......# ### ##h.###...
..# ####### ##h.## #..
..## #.....#### ##..## ##
...#
##.##.....#######..##
...###..#..###..@oo##..##
....#..##.## #####).....#
....#.##..# .WZ5 ###....#
......##.##...... ##...#
.....###.#...###.. ##..#
###### #.#.....##.. #.##
..#### #.##.....#... #.#
#....###..#.5...# ...+..
####...#..#.ZZ=.$ .


You could see yey's ghost and 2 orcs.

Vanquished Creatures
  A scorpion (D:4)
  2 hounds
  An orc priest (D:4)
  An orc wizard (D:4)
  3 gnolls (D:4)
  7 adders
  2 dart slugs
  A ribbon worm (D:2)
  2 orcs (D:4)
  3 bats
  4 endoplasms
  5 giant cockroaches
  6 goblins
  13 hobgoblins
  10 jackals
  5 kobolds
  7 quokkas
  8 ball pythons
  3 frilled lizards
  7 rats
91 creatures vanquished.

Notes
Turn   | Place    | Note
-------+----------+-------------------------------------------
     0 | D:1      | solopath the Oni Berserker began the quest for the Orb.
     0 | D:1      | Reached XP level 1. HP: 24/24 MP: 1/1
   106 | D:1      | Reached XP level 2. HP: 30/32 MP: 2/2
   726 | D:1      | Found a faded altar of an unknown god.
   906 | D:1      | Reached XP level 3. HP: 40/40 MP: 3/3
  1221 | D:2      | Reached ** piety under Trog
  1567 | D:2      | Reached skill level 5 in Fighting
  1567 | D:2      | Reached XP level 4. HP: 42/50 MP: 4/4
  2435 | D:3      | Reached XP level 5. HP: 35/57 MP: 5/5
  2436 | D:3      | Reached skill level 5 in Maces & Flails
  3027 | D:3      | Noticed an angel
  3028 | D:3      | Found a glowing silver altar of Zin.
  3181 | D:4      | Reached *** piety under Trog
  3252 | D:4      | Noticed yey's ghost (novice DrSh)
  3423 | D:4      | Gained mutation: Your flesh is cold resistant. (rC+)
                  | [potion of mutation]
  3423 | D:4      | Gained mutation: Your flesh is heat resistant. (rF+)
                  | [potion of mutation]
  3427 | D:4      | Reached XP level 6. HP: 45/67 MP: 6/6
  3556 | D:4      | Found a runed translucent gate.
  3660 | D:4      | Slain by an orc

Illustrated notes

Levels and vault maps discovered:
D:1:      dpeg_arrival_simpleton_c, layout_basic,
          dreamdust_ecumenical_altar_hidden_monk_grotto
D:2:      layout_rooms, kennysheep_nondescript, grunt_ministairs_9,
          minmay_pentomino_t4
D:3:      layout_basic, zin_angel, serial_bayou_lake_a
D:4:      layout_cave_pods, mainiacjoe_overflow_surrounded_room,
          minmay_temple_entry_stoned_glass, gammafunk_ghost_icy, uniq_pikel

Skill      XL: |  1  2  3  4  5  6 |
---------------+-------------------+-----
Maces & Flails | 4 5 6 |  6.2
Fighting       | 5 6 |  6.4
Dodging        | |  2.6

Action                     |  1- 3 |  4- 6 || total
---------------------------+-------+-------++-------
  Melee: Mace              |   108 |   203 ||   311
         Headbutt          |    17 |    21 ||    38
 Invoke: Berserk           |     1 |     1 ||     2
         Trog's Hand       |       |     1 ||     1
    Use: Potion            |       |     5 ||     5
 Armour: Animal skin       |    84 |   183 ||   267
  Dodge: Dodged            |    86 |   132 ||   218
